 Dungeon Crawl Stone Soup version 0.19.1 (webtiles) character file.

74 tyranidshit the Skirmisher (level 4, -4/39 HPs)
             Began as a Demonspawn Abyssal Knight on Dec 18, 2016.
             Was a Follower of Lugonu.
             Slain by a wight
             ... wielding a cursed +4 mace of freezing
              (13 damage)
             ... on level 5 of the Dungeon.
             The game lasted 00:08:16 (2153 turns).

tyranidshit the Skirmisher (DsAK)                   Turns: 2153, Time: 00:08:17

Health: -4/39      AC:  5    Str: 15 (17) XL:     4   Next: 10%
Magic:  5/5        EV: 13    Int: 12 (14) God:    Lugonu [*.....]
Gold:   115        SH:  0    Dex: 10 (12) Spells: 0 memorised, 3 levels left

rFire  . . .     SeeInvis .     a - +1 hand axe
rCold  . . .     Gourm    .     k - +0 ring mail
rNeg   . . .     Faith    .     (no shield)
rPois  .         Spirit   .     j - +0 hat
rElec  .         Reflect  .     (no cloak)
rCorr  .         Harm     .     (no gloves)
MR     +....                    (no boots)
Stlth  ..........               (no amulet)
                                f - +4 ring of strength
                                c - ring of protection from magic

@: drained
A: repulsion field 2
a: Depart the Abyss, Renounce Religion


You were on level 5 of the Dungeon.
You worshipped Lugonu.
Lugonu was aware of your devotion.
You were not hungry.

You visited 1 branch of the dungeon, and saw 5 of its levels.
You visited the Abyss 1 time.

You collected 115 gold pieces.

Inventory:

Hand Weapons
 a - a +1 hand axe (weapon)
Armour
 b - a +0 leather armour
 j - a +0 hat (worn)
 k - a +0 ring mail (worn)
Jewellery
 c - a ring of protection from magic (left hand)
 f - a +4 ring of strength (right hand)
 g - an uncursed ring of flight
Scrolls
 e - a scroll of remove curse
 i - 3 scrolls of identify
 n - 3 scrolls of recharging
Potions
 d - a potion of invisibility {unknown}
Comestibles
 p - 2 beef jerkies
 q - a bread ration


   Skills:
 + Level 5.0(4.2) Fighting
 - Level 1.7(1.0) Axes
 - Level 1.7(1.0) Armour
 - Level 0.8(0.1) Dodging
 - Level 2.4(1.6) Invocations


You had 3 spell levels left.
You didn't know any spells.

Dungeon Overview and Level Annotations

Branches:
Dungeon (5/15)
 Temple: D:4-7

Altars:
Okawaru

Annotations:
D:3 Tathariant's ghost, amateur MiBe
D:4 Pikel


Innate Abilities, Weirdness & Mutations

You are surrounded by a moderate repulsion field. (EV +3)


Message History

You hit the wight but do no damage.
The wight hits you with a mace of freezing.
The wight freezes you.
You hit the wight but do no damage. The wight barely misses you.
You hit the wight.
The wight is lightly damaged.
The wight misses you.
You hit the wight.
The wight is moderately damaged.
The wight misses you.
You closely miss the wight.
The wight is moderately damaged.
The wight hits you with a mace of freezing!
* * * LOW HITPOINT WARNING * * *
The wight freezes you.
* * * LOW HITPOINT WARNING * * *
You hit the wight but do no damage.
The wight is moderately damaged.
The wight hits you with a mace of freezing!
You die...

.###..
#########..#..#
#.............
#...........#
#..........
#........###
#..........###
##########<..#
###@# #.z......
#######..


You could see a wight.

Vanquished Creatures
  2 adders (D:2)
  A worm (D:3)
  4 leopard geckos
  2 giant cockroaches
  8 hobgoblins
  3 jackals (D:1)
  6 kobolds
  A ball python (D:1)
  4 bats (D:1)
  3 frilled lizards (D:1)
  9 goblins
  5 rats
48 creatures vanquished.

Notes
Turn   | Place    | Note
-------+----------+-------------------------------------------
     0 | Abyss:1  | tyranidshit the Demonspawn Abyssal Knight began the quest for the Orb.
     0 | Abyss:1  | Reached XP level 1. HP: 18/18 MP: 2/2
     0 | Abyss:1  | Found a corrupted altar of Lugonu.
    22 | Abyss:1  | Found a corrupted altar of Lugonu.
    52 | Abyss:1  | Found a corrupted altar of Lugonu.
   117 | Abyss:1  | Noticed a small abomination
   121 | Abyss:1  | Noticed a large abomination
   135 | D:1      | Escaped the Abyss
   178 | D:1      | Gained mutation: You are surrounded by a mild repulsion field. (EV +2) [demonic ancestry]
   178 | D:1      | Reached XP level 2. HP: 10/24 MP: 3/3
   181 | D:1      | Reached * piety under Lugonu
   509 | D:1      | Reached skill level 4 in Fighting
   824 | D:1      | Reached XP level 3. HP: 30/30 MP: 4/4
  1244 | D:2      | Found an iron altar of Okawaru.
  1679 | D:3      | Noticed Tathariant's ghost (amateur MiBe)
  2000 | D:2      | Reached skill level 5 in Fighting
  2000 | D:2      | Gained mutation: You are surrounded by a moderate repulsion field. (EV +3) [demonic ancestry]
  2000 | D:2      | Reached XP level 4. HP: 36/39 MP: 5/5
  2088 | D:3      | Found a faded altar of an unknown god.
  2119 | D:4      | Noticed a slave
  2119 | D:4      | Noticed a slave
  2120 | D:4      | Noticed Pikel
  2121 | D:4      | Noticed a slave
  2128 | D:5      | Entered Level 5 of the Dungeon
  2153 | D:5      | Slain by a wight

Skill      XL: |  1  2  3 |
---------------+----------+-----
Fighting       | 4 5 |  5.0
Axes           | |  1.7
Armour         | |  1.7
Dodging        | |  0.8
Invocations    | |  2.4

Action                   |  1- 3 |  4- 6 || total
-------------------------+-------+-------++-------
Melee: Hand axe          |   164 |    11 ||   175
Invok: Depart the Abyss  |     1 |       ||     1
  Use: Scroll            |     8 |       ||     8
       Potion            |     7 |       ||     7
  Eat: Bread ration      |     1 |       ||     1
Armor: Leather armour    |    29 |       ||    29
       Ring mail         |    37 |       ||    37
Dodge: Dodged            |   133 |     6 ||   139
